 Dungeon Crawl Stone Soup version 0.25-a0-1056-g2efb326896 (webtiles) character file.

Game seed: 16649825235965186543, levelgen mode: deterministic

56 bmfx the Sneak (level 3, 0/24 HPs)
             Began as a Mummy Enchanter on May 13, 2020.
             Slain by an adder (4 damage)
             ... on level 1 of the Dungeon.
             The game lasted 00:06:49 (2134 turns).

bmfx the Sneak (Mummy Enchanter)                    Turns: 2134, Time: 00:06:50

Health: 0/24       AC:  2    Str: 11    XL:     3   Next: 69%
Magic:  1/7        EV: 12    Int: 15    God:
Gold:   65         SH:  0    Dex: 12    Spells: 5/8 levels left

rFire    x . .     SeeInvis .   a - +1 dagger
rCold    + . .     Gourm    .   (no shield)
rNeg     + + +     Faith    .   b - +0 robe
rPois    ∞         Spirit   .   (no helmet)
rElec    .         Reflect  .   (no cloak)
rCorr    .         Harm     .   (no gloves)
MR       .....                  (no boots)
Stlth    ++........             (no amulet)
HPRegen  0.08/turn              (no ring)
MPRegen  0.10/turn              (no ring)

@: very slightly contaminated
A: no food or potions, fire vulnerability, cold resistance 1, negative energy
resistance 3, torment resistance, unbreathing
a: no special abilities


You were on level 1 of the Dungeon.
You were not hungry.

You visited 1 branch of the dungeon, and saw 2 of its levels.

You collected 65 gold pieces.


Innate Abilities, Weirdness & Mutations

You do not eat or drink.
Your flesh is vulnerable to fire.
You are immune to poison.
Your flesh is cold resistant. (rC+)
You are immune to negative energy. (rN+++)
You are immune to unholy pain and torment.
You can survive without breathing.

Dungeon Overview and Level Annotations

Branches:
Dungeon (2/15)

Altars:
Cheibriados
The Shining One


   Skills:
 + Level 1.4 Short Blades
 - Level 1.5 Dodging
 + Level 3.3 Stealth
 - Level 3.0 Spellcasting
 + Level 3.1 Hexes


You had 5 spell levels left.
You knew the following spells:

 Your Spells              Type           Power        Failure   Level  Hunger
A - Corona                Hex            ##.....      5%          1    N/A
B - Ensorcelled Hibernat  Hex/Ice        #.....       16%         2    N/A

Your spell library contained the following spells:

 Spells                   Type           Power        Failure   Level  Hunger
 Confusing Touch          Hex            ##......     17%         3    N/A
 Tukima's Dance           Hex            ##......     17%         3    N/A
 Dazzling Flash           Conj/Hex       #.....       32%         3    N/A

Action                   || total
-------------------------++-------
Melee: Dagger            ||    84
Throw: Stone             ||     6
 Cast: Corona            ||     7
       Ensorcelled Hiber ||    36
  Use: Scroll            ||     4
 Stab: Sleeping          ||    21
Armor: Robe              ||    22
Dodge: Dodged            ||    70

Skill      XL: |  1  2  3 |
---------------+----------+-----
Short Blades   | 1 |  1.4
Spellcasting   | 3 |  3.0
Stealth        | 3 |  3.3
Hexes          | 3 |  3.1
Dodging        | |  1.5

Inventory:

Hand Weapons
 a - a +1 dagger (weapon)
 l - a +0 hunting sling
 m - a +1 whip of draining
Missiles
 f - 23 stones (quivered)
 i - 23 sling bullets
Armour
 b - a +0 robe (worn)
Wands
 o - a wand of iceblast (6)
Scrolls
 c - a scroll of teleportation {@r1}
 e - a scroll of fog {unknown}
 g - a scroll of noise {unknown}
 h - a scroll of fear
 j - a scroll of random uselessness {unknown}
 k - a scroll of immolation

......##.#
.....###)#
....## #.#
...## #.# ####
#.############
#..)..>......#
############.#
##
##########.#
.#
#......@##.#
.#
#.#####.S..#
.#########.#
#.####
...........#
#.#
#.#######..#
#.# #.#
#..#####.# #.#
#........# #.#
#.###.##.# #.#
#.# #.##.#


You could see an adder.

Vanquished Creatures
  An adder (D:2)
  An ooze (D:2)
  A dart slug (D:2)
  A leopard gecko (D:1)
  4 giant cockroaches
  3 goblins (D:1)
  5 hobgoblins (D:1)
  2 jackals (D:1)
  3 bats
  6 frilled lizards
  6 kobolds
  7 rats
40 creatures vanquished.

Levels and vault maps discovered:
D:1:      evilmike_arrival_plus, layout_loops_ring
D:2:      layout_basic, chequers_temple_overflow_statue_of_worship,
          chequers_ecumenical_altar_grove


Message History

You are very lightly contaminated with residual magic.
Nothing appears to happen.
The adder bites you.
You hit the adder but do no damage. The adder bites you but does no damage.
You hit the adder.
The adder is moderately wounded.
The adder bites you. The adder barely misses you.
You barely miss the adder.
The adder is moderately wounded.
The adder bites you.
You miss the adder.
The adder is moderately wounded.
The adder bites you.
* * * LOW HITPOINT WARNING * * *
The adder bites you.
* * * LOW HITPOINT WARNING * * *
The adder bites you.
* * * LOW HITPOINT WARNING * * *
The adder completely misses you. The adder bites you.
You die...

Notes
Turn   | Place    | Note
-------+----------+-------------------------------------------
     0 | D:1      | bmfx the Mummy Enchanter began the quest for the Orb.
     0 | D:1      | Reached XP level 1. HP: 13/13 MP: 4/4
   372 | D:1      | Reached skill level 1 in Short Blades
   374 | D:1      | Reached XP level 2. HP: 15/19 MP: 5/5
   378 | D:1      | Learned a level 2 spell: Ensorcelled Hibernation
  1206 | D:1      | Reached XP level 3. HP: 23/24 MP: 2/7
  1661 | D:2      | Found a glowing golden altar of the Shining One.
  1663 | D:2      | Found a snail-covered altar of Cheibriados.
  2134 | D:1      | Slain by an adder
